 Dungeon Crawl Stone Soup version 0.19.4-8-ga85b6b9 (webtiles) character file.

40 doot the Digger (level 3, -1/26 HPs)
             Began as a Ghoul Earth Elementalist on Feb 11, 2017.
             Slain by an adder (3 damage)
             ... on level 2 of the Dungeon.
             The game lasted 00:04:42 (1987 turns).

doot the Digger (Ghoul Earth Elementalist)          Turns: 1987, Time: 00:04:43

Health: -1/26      AC:  2    Str: 11    XL:     3   Next: 50%
Magic:  0/5        EV: 12    Int: 11    God:
Gold:   97         SH:  0    Dex:  9    Spells: 2 memorised, 2 levels left

rFire  . . .     SeeInvis .     m - +0 flail
rCold  + . .     Gourm    .     c - +0 robe
rNeg   + + +     Faith    .     (no shield)
rPois  ∞         Spirit   .     (no helmet)
rElec  .         Reflect  .     (no cloak)
rCorr  .         Harm     .     (no gloves)
MR     .....                    (no boots)
Stlth  ++........               (no amulet)
                                (no ring)
                                (no ring)

@: rotting
A: rotting body, claws 1, carnivore 3, cold resistance 1, negative energy
resistance 3, slow regeneration 1, torment resistance, unbreathing
a: no special abilities


You were on level 2 of the Dungeon.
You were not hungry.

You visited 1 branch of the dungeon, and saw 2 of its levels.

You collected 97 gold pieces.

Inventory:

Hand Weapons
 h - a +0 mace
 m - a +0 flail (weapon)
Missiles
 b - 60 stones (quivered)
Armour
 c - a +0 robe (worn)
Scrolls
 a - a scroll of teleportation {unknown}
 f - 2 scrolls of enchant weapon {unknown}
 i - a scroll of remove curse {unknown}
 l - a scroll of identify {unknown}
Potions
 g - a potion of brilliance {unknown}
 j - a potion of might {unknown}
Books
 e - a book of Geomancy

   Spells                             Type                      Level
   a - Sandblast                      Earth                        1
   b - Passwall                       Transmutation/Earth          2
   c - Stone Arrow                    Conjuration/Earth            3
   d - Petrify                        Transmutation/Earth          4
   e - Lee's Rapid Deconstruction     Earth                        5
Comestibles
 d - a meat ration
 k - a royal jelly


   Skills:
 + Level 2.0 Dodging
 + Level 2.2 Stealth
 + Level 2.1 Spellcasting
   Level 0.8 Transmutations
 * Level 4.4 Earth Magic


You had 2 spell levels left.
You knew the following spells:

 Your Spells              Type           Power        Failure   Level  Hunger
a - Sandblast             Erth           ##....       6%          1    ##.....
b - Stone Arrow           Conj/Erth      #.....       38%         3    ####...


Dungeon Overview and Level Annotations

Branches:
Dungeon (2/15)

Altars:


Innate Abilities, Weirdness & Mutations

Your body is rotting away.
You thrive on raw meat.
You are immune to poison.
You have sharp fingernails.
You are carnivorous and can eat meat at any time.
Your flesh is cold resistant. (rC+)
You are immune to negative energy. (rN+++)
You regenerate slowly when monsters are visible.
You are immune to unholy pain and torment.
You can survive without breathing.


Message History

The adder bites you. The adder completely misses you.
You closely miss the adder.
The adder is severely wounded.
The adder bites you.
* * * LOW HITPOINT WARNING * * *
The adder bites you.
* * * LOW HITPOINT WARNING * * *
You barely miss the adder.
The adder is severely wounded.
The adder bites you but does no damage. x2
Casting: Sandblast
Confirm with . or Enter, or press ? or * to list all spells.
Aiming: Sandblast
Press: ? - help, Shift-Dir - straight line, f/p - adder
Aim: an adder (severely wounded)
The blast of sand misses the adder.
The blast of sand hits the giant cockroach.
The giant cockroach is severely wounded.
The adder bites you.
You die...

.....##.#.#.######
...#.##.#.#.#
...#.##.#.#.#
...#.##.#.#.####
####.##.#......#
.##.#......#
#.#......###
#.#....#...###.#
#+#..###@....#
..... #S#####
...... .s.
.......###.#
...... .# .# ##


You could see an adder and a giant cockroach.

Vanquished Creatures
  An adder (D:2)
  An ooze (D:1)
  3 dart slugs (D:1)
  A ball python (D:1)
  3 bats
  A giant cockroach (D:1)
  A goblin (D:2)
  2 hobgoblins
  2 jackals (D:2)
  3 frilled lizards
  3 rats
21 creatures vanquished.

Notes
Turn   | Place    | Note
-------+----------+-------------------------------------------
     0 | D:1      | doot the Ghoul Earth Elementalist began the quest for the Orb.
     0 | D:1      | Reached XP level 1. HP: 14/14 MP: 2/2
   351 | D:1      | Reached XP level 2. HP: 6/18 MP: 0/3
   571 | D:1      | Reached skill level 4 in Earth Magic
  1432 | D:2      | Reached XP level 3. HP: 22/26 MP: 2/4
  1482 | D:2      | Learned a level 3 spell: Stone Arrow
  1987 | D:2      | Slain by an adder

Skill      XL: |  1  2  3 |
---------------+----------+-----
Earth Magic    | 4 |  4.4
Dodging        | 2 |  2.0
Spellcasting   | 2 |  2.1
Stealth        | |  2.2
Transmutations | |  0.8

Action                   || total
-------------------------++-------
Melee: Unarmed           ||     5
       Mace              ||    28
       Flail             ||     6
 Cast: Sandblast         ||    38
 Stab: Sleeping          ||     1
  Eat: Chunk             ||     9
Armor: Robe              ||    26
Dodge: Dodged            ||    55
